Map: Hard Lead LE

Players

SubN - Winner!

  • Race: Zerg Zerg
  • League: Diamond
  • Spawn Location: 11:00

Dustar

  • Race: Zerg Zerg
  • League: Diamond
  • Spawn Location: 5:00

VOD

Have the link to the VOD?

Description

Time

  • Played on: Dec. 18, 2023, 4:56 p.m.
  • Length: 11:01
Show
View Real Time Build Order
Export as new Build Order

SubN Zerg - Winner!

Build Orders: Pool First 

Get SALT Encoding   

  12  0:00  Drone  
  13  0:12  Overlord  
  13  0:16  Drone  
  14  0:31  Drone x2  
  14  0:33  Drone  
  17  0:36  Extractor  
  16  0:44  Drone  
  17  0:50  Spawning Pool  
  17  0:55  Drone  
  17  1:05  Drone  
  18  1:24  Hatchery  
  17  1:28  Drone x2  
  19  1:37  Queen  
  21  1:50  Metabolic Boost  
  21  1:52  Overlord  
  21  2:03  Zergling x2  
  22  2:16  Zergling x4  
  22  2:21  Queen  
  26  2:23  Zergling x2  
  27  2:34  Drone  
  27  2:36  Overlord  
  28  2:41  Queen  
  30  2:52  Drone  
  30  2:53  Drone x3  
  33  3:03  Drone x3  
  36  3:10  Lair  
  34  3:25  Drone x6  
  39  3:33  Roach Warren  
  38  3:38  Evolution Chamber  
  38  3:40  Evolution Chamber  
  36  3:52  Drone x5  
  41  3:57  Extractor  
  41  4:01  Zergling x2  
  41  4:05  Zerg Missile Weapons Level 1  
  41  4:06  Zerg Ground Armor Level 1  
  41  4:11  Drone x3  
  41  4:12  Extractor  
  41  4:13  Drone  
  44  4:17  Overlord  
  44  4:19  Overlord  
  44  4:28  Glial Reconstitution  
  44  4:38  Drone  
  45  4:39  Drone x3  
  45  4:41  Overlord  
  45  4:43  Drone x2  
  50  4:58  Overlord  
  50  5:08  Roach  
  50  5:09  Roach x6  
  50  5:14  Overseer  
  66  5:21  Roach x2  
  66  5:26  Roach  
  66  5:27  Roach x3  
  76  5:35  Overlord  
  76  5:43  Hatchery  
  76  5:49  Extractor  
  74  5:59  Roach  
  74  6:00  Roach x4  
  84  6:06  Zerg Missile Weapons Level 2  
  83  6:29  Overlord x5  
  83  6:45  Zerg Ground Armor Level 2  
  83  6:50  Queen  
  81  6:59  Roach x7  
  81  7:00  Roach x3  
  97  7:01  Queen  
  97  7:03  Drone x3  
  102  7:11  Extractor  
  102  7:14  Roach x3  
  101  7:22  Roach x4  
  95  7:36  Drone x6  
  101  7:55  Roach  
  103  7:59  Drone x10  
  113  8:06  Drone x2  
  113  8:07  Hydralisk Den  
  113  8:08  Drone  
  115  8:23  Drone  
  116  8:31  Infestation Pit  
  115  8:41  Drone x2  
  115  8:42  Drone x3  
  115  8:44  Overlord  
  120  8:58  Extractor  
  119  9:10  Hive  
  119  9:21  Hydralisk x8, Roach  
  137  9:27  Extractor  
  137  9:28  Hatchery  
  137  9:31  Hydralisk, Extractor  
  124  9:32  Hydralisk x8, Roach  
  130  9:44  Roach x2  
  130  9:45  Roach x6  
  128  9:53  Roach x4  
  126  10:03  Roach x5  
  136  10:13  Roach  
  138  10:15  Overlord x3  
  138  10:32  Overlord x4  
Show
View Real Time Build Order
Export as new Build Order

Dustar Zerg 

Build Orders: Hatch First 

Get SALT Encoding   

  12  0:00  Drone  
  13  0:12  Overlord  
  13  0:17  Drone  
  14  0:30  Drone x2  
  14  0:34  Drone  
  17  0:52  Hatchery  
  17  0:55  Drone  
  17  1:09  Spawning Pool  
  16  1:11  Extractor  
  16  1:13  Drone  
  16  1:17  Drone  
  17  1:20  Drone  
  18  1:29  Drone  
  19  1:40  Overlord  
  19  1:49  Drone  
  20  1:57  Queen  
  20  2:01  Drone  
  23  2:04  Queen  
  23  2:05  Drone  
  26  2:12  Drone  
  26  2:15  Metabolic Boost  
  27  2:20  Drone  
  28  2:24  Zergling x2  
  29  2:30  Zergling x2  
  29  2:33  Drone  
  29  2:36  Baneling Nest  
  30  2:40  Queen  
  33  2:44  Zergling x4  
  34  2:58  Drone  
  34  2:59  Drone, Overlord  
  36  3:06  Overlord  
  36  3:30  Drone x5  
  36  3:31  Drone x2  
  36  3:33  Baneling  
  43  3:40  Baneling  
  43  3:41  Drone  
  43  3:42  Drone  
  45  3:48  Extractor  
  45  3:49  Drone  
  45  3:50  Drone  
  47  4:02  Drone  
  47  4:03  Drone  
  47  4:08  Hatchery  
  47  4:17  Lair  
  47  4:26  Evolution Chamber x2  
  47  4:27  Drone x3, Roach Warren  
  47  4:28  Drone x4  
  51  4:34  Drone  
  52  4:42  Overlord x2  
  52  4:47  Extractor  
  51  4:56  Drone, Overlord  
  52  5:00  Queen  
  52  5:04  Drone x4  
  52  5:05  Drone x2, Overlord  
  60  5:09  Zerg Ground Armor Level 1, Zerg Missile Weapons Level 1  
  60  5:16  Overlord, Roach x2  
  60  5:20  Glial Reconstitution  
  64  5:22  Drone x2  
  64  5:23  Drone x3  
  69  5:29  Roach  
  71  5:35  Queen  
  73  5:43  Zergling x4  
  73  5:45  Overlord  
  73  5:46  Roach x2  
  79  6:01  Roach  
  79  6:02  Roach x4  
  88  6:05  Overlord x2  
  88  6:06  Roach  
  88  6:07  Roach x2  
  94  6:16  Roach x2  
  98  6:27  Roach x3  
  104  6:34  Overlord  
  104  6:35  Zergling x2  
  104  6:36  Zergling x2  
  104  6:41  Overlord  
  102  6:51  Zergling x2  
  102  6:52  Zergling x6  
  101  6:55  Zergling x10  
  106  7:06  Roach x2  
  110  7:09  Zerg Ground Armor Level 2, Zerg Missile Weapons Level 2  
  104  7:18  Zergling x4  
  92  7:34  Roach x5  
  99  7:43  Hydralisk Den  
  98  7:47  Extractor  
  97  7:51  Infestation Pit  
  97  7:55  Drone, Roach  
  97  7:56  Roach  
  101  7:59  Overlord  
  101  8:00  Hatchery, Roach  
  102  8:08  Roach  
  101  8:30  Roach x3  
  101  8:31  Roach x3  
  111  8:41  Lurker Den  
  110  8:47  Hive  
  110  8:57  Roach  
  110  8:58  Overlord, Roach  
  110  8:59  Zergling x2  
  110  9:00  Overlord  
  110  9:01  Overlord x3  
  115  9:11  Overlord  
  113  9:29  Zergling x2  
  113  9:30  Zergling x16  
  104  9:39  Hydralisk x3  
  104  9:43  Zergling x2  
  104  9:44  Zergling x6  
  85  10:08  Roach  
  85  10:09  Roach x9  
  101  10:17  Hydralisk x2  
  101  10:18  Hydralisk x2  
  101  10:20  Zergling x2  
  106  10:23  Lurker  
  106  10:26  Lurker  
  108  10:34  Lurker  
Tags
 
Add a new tag
Caveats
  • Supply blocks, unpowered buildings, or Contaminate may cause inaccurate times.
  • Supply counts are checked every 10 seconds.